AoeStats
← shi China

Golden Pit

507460445Analyzed
1v1 RM · 15d ago on Sep 18, 2026· 34m 35s· 2 players
Game mode
Random Map
Map size
Tiny (2 player)
Population
200
Speed
Normal
Resources
Standard
Victory
Conquest
Starting age
Dark Age
Ending age
Imperial Age
RankedLock teamsTeams togetherTeam positionsShared explorationLock speedFull tech treeHidden civsTurbo modeCheats
Victory
Defeat
🇨🇳 Franks · China
1045
+14
🇨🇳 Magyars · China
1008
-14
小熊熊
11:20 Feudal Age
15:48 Castle Age
14:29 Horse Collar
16:24 Loom
26:51 Corvinian Army
28:26 Corvinian Army
shi China
1:23 Loom
9:56 Feudal Age
11:23 Double-Bit Axe
13:08 Man-at-Arms
18:22 Scale Mail Armor
18:32 Forging
21:39 Castle Age
21:43 Scale Barding Armor
21:57 Pikeman
25:24 Chain Mail Armor
28:56 Chain Barding Armor
34:52 Iron Casting
Connection lost

Rejoining the realm…

Still unreachable

The connection could not be restored.

Session expired

The server has moved on; the page needs a fresh start.